[Event "European Rapid Championship 2021"]
[Site "Katowice"]
[Date "2021.12.19"]
[Round "8.4"]
[White "Grabarczyk, Miroslaw"]
[Black "Kozlowski, Michal"]
[Result "1-0"]
[ECO "E06"]
[WhiteElo "2373"]
[BlackElo "2047"]
[Annotator "NA"]
[PlyCount "55"]
[EventDate "2021.12.18"]
[EventType "swiss"]
[EventCountry "POL"]
[SourceTitle "playchess.com"]
[Source "ChessBase"]
[SourceQuality "1"]
[TimeControl "900+10"]

1. d4 Nf6 2. c4 e6 3. g3 d5 4. Bg2 Be7 5. Nf3 O-O 6. O-O b6 7. cxd5 exd5 8.
Nc3 Nbd7 9. Bf4 a6 10. Ne5 Bb7 11. Qb3 Nxe5 12. dxe5 Ne4 13. Nxe4 dxe4 14. Rfd1 Qc8 15. Qc2 c5 16. Bxe4 Bxe4 17. Qxe4 Qe6 18. Rd5 g5 19. Be3 f5 20. Qg2 Kh8 21. Rad1 h5 22. Rd7 Qxe5 23. Bd2 Kg8 24. Bc3 Qe6 25. R1d6 Bxd6 26. Rg7+ Kh8 27. Re7+ Qf6 28. Bxf6+ 1-0

[Event "European Rapid Championship 2021"]
[Site "Katowice"]
[Date "2021.12.19"]
[Round "8.5"]
[White "Krasenkow, Michal"]
[Black "Kovalenko, Igor"]
[Result "1-0"]
[ECO "A04"]
[WhiteElo "2576"]
[BlackElo "2649"]
[Annotator "ChessBase"]
[PlyCount "103"]
[EventDate "2021.12.18"]
[EventType "swiss"]
[EventCountry "POL"]
[SourceTitle "playchess.com"]
[Source "ChessBase"]
[SourceQuality "1"]
[TimeControl "900+10"]

1. Nf3 c5 2. c4 Nc6 3. d4 cxd4 4. Nxd4 Nf6 5. Nc3 g6 6. e4 Bg7 7. Be3 d6 8. Be2 O-O 9. O-O Bd7 10. f4 Rc8 11. Nc2 a6 12. Bf3 Be6 13.
Nd5 Nd7 14. Rb1 Qa5 15. a3 b5 16. b4 Qa4 17. Qd2 Bxd5 18.
exd5 Ncb8 19. Nd4 bxc4 20. Qa2 Nf6 21. Rfc1 c3 22. Rb3 a5 23. Qb1 axb4 24. axb4 Rc7 25. Rbxc3 Rb7 26. Rc4 Nbd7 27. b5 Qa3 28. R1c3 Qa8 29. Nc6 Nb6 30. Bxb6 Rxb6 31. Nxe7+ Kh8 32. Nc8 Rb8 33. Nxd6 Nxd5 34. Rd3 Qa7+ 35. Kh1 Nb6 36. Rc6 Qa4 37. g3 Kg8 38. Qg1 Qa5 39. Qe3 Nd7 40. Bd5 Nf6 41. Bc4 Qa1+ 42. Kg2 Ng4 43. Qe2 Nh6 44.
b6 Qa4 45. Bd5 Rfd8 46. b7 Bf8 47. Nxf7 Rxd5 48. Nxh6+ Kg7 49. Rc7+ Kxh6 50. Rxd5 Qb3 51. Rh5+ gxh5 52. Qa6+ 1-0

[Event "European Rapid Championship 2021"]
[Site "Katowice"]
[Date "2021.12.19"]
[Round "8.5"]
[White "Martinkus, Rolandas"]
[Black "Molenda, Marcin"]
[Result "1-0"]
[ECO "A05"]
[WhiteElo "2033"]
[BlackElo "2365"]
[Annotator "NA"]
[PlyCount "161"]
[EventDate "2021.12.18"]
[EventType "swiss"]
[EventCountry "POL"]
[SourceTitle "playchess.com"]
[Source "ChessBase"]
[SourceQuality "1"]
[TimeControl "900+10"]

1. Nf3 Nf6 2. c4 g6 3. Nc3 Bg7 4. e4 d6 5. d4 O-O 6. h3 e5 7. dxe5 dxe5 8. Qxd8 Rxd8 9. Bg5 Re8 10. O-O-O Na6 11. Be3 c6 12. c5 Nc7 13. Nd2 Be6 14. Nc4 Rab8 15. Be2 Red8 16. Rxd8+ Rxd8 17. Rd1 Rxd1+ 18. Kxd1 Nd7 19. Nd6 b6 20. Nc8 Nxc5 21. Nxa7 Bd7 22. b4 N5e6 23. Bxb6 Bf8 24. a3 f5 25. exf5 gxf5 26. g4 f4 27. Bf3 Na8 28. Ba5 Nd4 29. Be4 Be8 30. Ne2 Nb3 31. Bd8 Bd6 32. Nxc6 Nc7 33. Kc2 Bf7 34. Bf6 Nb5 35. Kb2 Nd2 36. Bd3 Nc4+ 37. Bxc4 Bxc4 38. Nc3 Kf7 39. Bxe5 Bf8 40. Nxb5 Bxb5 41. Nd4 Bf1 42. h4 Be7 43. g5 Kg6 44. Bxf4 Kh5 45. Bg3 Kg4 46. Kc3 Bf8 47. Ne6 Be7 48. a4 Kf5 49. Nc5 Bf8 50. a5 Bg7+ 51. Kb3 Bb5 52. Nb7 Ke6 53. Nd6 Be2 54. b5 Bf8 55. Nc4 Kd5 56. Ne3+ Kc5 57. b6 Ba6 58. f4 Kb5 59. f5 Kxa5 60. Nd5 Bc8 61. Kc4 Ka6 62. f6 Be6 63. Kd4 Ba3 64. h5 Bb2+ 65. Kc5 Kb7 66. g6 hxg6 67. hxg6 Bxd5 68. Kxd5 Bxf6 69. Bc7 Bg7 70. Ke6 Bd4 71. Kf7 Bc3 72. g7 Bxg7 73.
Kxg7 Ka8 74. Kf6 Kb7 75. Ke5 Ka8 76. Kd5 Kb7 77. Kc5 Ka8 78.
Bg3 Kb7 79. Bf2 Ka8 80. Kc6 Kb8 81. Bg3+ 1-0

[Event "European Rapid Championship 2021"]
[Site "Katowice"]
[Date "2021.12.19"]
[Round "8.6"]
[White "Balog, Imre"]
[Black "Blohberger, Felix"]
[Result "1-0"]
[ECO "A45"]
[WhiteElo "2629"]
[BlackElo "2409"]
[Annotator "ChessBase"]
[PlyCount "97"]
[EventDate "2021.12.18"]
[EventType "swiss"]
[EventCountry "POL"]
[SourceTitle "playchess.com"]
[Source "ChessBase"]
[SourceQuality "1"]
[TimeControl "900+10"]

1. d4 Nf6 2. Bg5 e6 3. e4 h6 4. Bxf6 Qxf6 5. Nc3 Bb4 6. Qd2 c5 7. e5 Qd8 8. a3 Qa5 9. dxc5 Bxc3 10. Qxc3 Qxc3+ 11. bxc3 Nc6 12. Nf3 b6 13. Bd3 bxc5 14. Rb1 Rb8 15. Kd2 Kd8 16. Be4 Kc7 17. Bxc6 Rxb1 18. Rxb1 Kxc6 19. Ke3 Bb7 20. Nd2 Kc7 21. g3 f6 22. Nb3 fxe5 23. Nxc5 Bc6 24. Nd3 d6 25. c4 Rf8 26. f4 exf4+ 27. gxf4 g5 28. Rg1 Rf5 29. Rg3 e5 30. fxe5 dxe5 31. Rh3 e4 32. Nb4 Rf6 33. Nd5+ Bxd5 34. cxd5 Kd6 35. Kd4 g4 36. Rh5 e3 37. Kxe3 Kc5 38. Ke4 Rf1 39. Rxh6 Re1+ 40. Kf4 Kxd5 41. Kxg4 Re2 42. h4 Re4+ 43. Kf5 Ra4 44. h5 Rxa3 45. Rh8 Rf3+ 46. Kg4 Rf2 47. h6 Rg2+ 48. Kf3 Rh2 49. h7 1-0

[Event "European Rapid Championship 2021"]
[Site "Katowice"]
[Date "2021.12.19"]
[Round "8.6"]
[White "Godzwon, Iwo"]
[Black "Budzisz, Adrian"]
[Result "1/2-1/2"]
[ECO "C07"]
[WhiteElo "2352"]
[BlackElo "1985"]
[Annotator "NA"]
[PlyCount "123"]
[EventDate "2021.12.18"]
[EventType "swiss"]
[EventCountry "POL"]
[SourceTitle "playchess.com"]
[Source "ChessBase"]
[SourceQuality "1"]
[TimeControl "900+10"]

1. e4 e6 2. d4 d5 3. Nd2 c5 4. Ngf3 Nf6 5. exd5 exd5 6. Bb5+ Bd7 7. Qe2+ Be7 8. O-O O-O 9. dxc5 Bxc5 10. Nb3 Re8 11. Qd3 Bb6 12. Bg5 Nc6 13. c3 a6 14. Bxc6 bxc6 15. Rfe1 h6 16. Be3 Ne4 17. Nfd2 Bf5 18. Nxe4 Bxe4 19. Bxb6 Bxd3 20. Bxd8 Rexd8 21. Nc5 Bf5 22. Re5 Bg6 23. Rd1 a5 24. h4 Re8 25. Rxe8+ Rxe8 26. Rd2 Bb1 27. a3 Kh7 28. f3 Rb8 29. Kf2 Rb5 30. b4 g5 31. hxg5 axb4 32. cxb4 hxg5 33. Rb2 Bf5 34. a4 Rb8 35. a5 Bc8 36. Ke3 Kg6 37. Kd4 Kf6 38.
Na4 Ba6 39. Nc5 Bc8 40. Kc3 Kf5 41. Re2 Kf4 42. Re8 d4+ 43.
Kd2 Kg3 44. Nd7 Rxb4 45. Rxc8 Ra4 46. Ra8 Kxg2 47. Ne5 c5 48. a6 c4 49. a7 Ra2+ 50. Kc1 c3 51. Rd8 Rxa7 52. Rxd4 f6 53.
Nd7 f5 54. Ne5 Ra5 55. Nf7 f4 56. Rd3 g4 57. fxg4 f3 58. Rxf3 Kxf3 59. Kc2 Ra3 60. g5 Ke3 61. Nd6 Ra6 62. Nb5 1/2-1/2

[Event "European Rapid Championship 2021"]
[Site "Katowice"]
[Date "2021.12.19"]
[Round "8.7"]
[White "Gretarsson, Helgi Ass"]
[Black "Bernadskiy, Vitaliy"]
[Result "0-1"]
[ECO "B06"]
[WhiteElo "2476"]
[BlackElo "2616"]
[Annotator "ChessBase"]
[PlyCount "40"]
[EventDate "2021.12.18"]
[EventType "swiss"]
[EventCountry "POL"]
[SourceTitle "playchess.com"]
[Source "ChessBase"]
[SourceQuality "1"]
[TimeControl "900+10"]

1. d4 g6 2. e4 Bg7 3. Nc3 a6 4. Nf3 d6 5. h3 b5 6. Bd3 Nd7 7. a4 b4 8. Ne2 Ngf6 9. O-O O-O 10. a5 c5 11. c3 cxd4 12. cxd4 e5 13. Ng3 exd4 14. Nxd4 Bb7 15. Bc2 Rc8 16. Re1 Re8 17. Bf4 h5 18. Nf3 Nc5 19. Bg5 Qc7 20. Bf4 Ne6 0-1

[Event "European Rapid Championship 2021"]
[Site "Katowice"]
[Date "2021.12.19"]
[Round "8.7"]
[White "Luberanski, Jakub"]
[Black "Kulon, Klaudia"]
[Result "0-1"]
[ECO "E94"]
[WhiteElo "2199"]
[BlackElo "2328"]
[Annotator "ChessBase"]
[PlyCount "172"]
[EventDate "2021.12.18"]
[EventType "swiss"]
[EventCountry "POL"]
[SourceTitle "playchess.com"]
[Source "ChessBase"]
[SourceQuality "1"]
[TimeControl "900+10"]

1. d4 Nf6 2. c4 g6 3. Nc3 Bg7 4. e4 O-O 5. Nf3 d6 6. Be2 e5 7. O-O exd4 8.
Nxd4 Re8 9. f3 c6 10. Kh1 Nbd7 11. Be3 d5 12. cxd5 Nxd5 13. exd5 Rxe3 14. dxc6 bxc6 15. Nxc6 Qe8 16. Nd5 Rxe2 17. Nc7 Qe3 18. Nxa8 Rd2 19. Qe1 Re2 20. Qa5 Bb7 21. Qd8+ Nf8 22. Na5 Bxa8 23. Qxa8 Qg5 24. f4 Qxa5 25. f5 gxf5 26. Rad1 Rxb2 27. h3 Rxa2 28. Rd5 Qa6 29. Rdxf5 Ra1 30. Rxa1 Qxa1+ 31. Kh2 Be5+ 32. g3 Qb2+ 33.
Qg2 Qxg2+ 34. Kxg2 f6 35. g4 Ng6 36. Kf1 a5 37. Rf3 Kg7 38.
Ra3 Bc7 39. Rc3 Bd6 40. Rc6 Bb4 41. Ra6 Ne5 42. Ke2 Kg6 43.
Ke3 Kg5 44. Ke4 Ng6 45. Ra7 Ne7 46. Ra6 h6 47. Rb6 Bc3 48.
Rb5+ Be5 49. Rxa5 Kh4 50. Ra3 Ng6 51. Rf3 Ne7 52. Rb3 Nc6 53.
Rd3 Nd4 54. Ra3 Ne2 55. Kf5 Ng3+ 56. Kg6 Kxh3 57. Ra4 Ne2 58. Kxh6 Bf4+ 59. Kg6 Bg5 60. Ra6 Nf4+ 61. Kf5 Nd5 62. Ra3+ Kh4 63. Rf3 Ne7+ 64. Ke6 Ng8 65. Kf7 Nh6+ 66. Kg6 Nxg4 67. Rb3 Ne5+ 68. Kf5 Nc6 69. Rb6 Ne7+ 70. Ke6 f5 71. Rb4+ Kh5 72. Ra4 Kg6 73. Rc4 Bf6 74. Rf4 Nc6 75. Rf1 Nd4+ 76. Kd5 Nc2 77. Ke6 Bg5 78. Rf2 Nd4+ 79. Ke5 Be3 80. Rg2+ Kh5 81. Rg3 f4 82. Rg8 f3 83. Ke4 f2 84. Rf8 Nc2 85. Kd3 Bc5 86. Kxc2 Bxf8 0-1

[Event "European Rapid Championship 2021"]
[Site "Katowice"]
[Date "2021.12.19"]
[Round "8.8"]
[White "Kozak, Antoni"]
[Black "Durarbayli, Vasif"]
[Result "1/2-1/2"]
[ECO "A46"]
[WhiteElo "2356"]
[BlackElo "2532"]
[Annotator "ChessBase"]
[PlyCount "169"]
[EventDate "2021.12.18"]
[EventType "swiss"]
[EventCountry "POL"]
[SourceTitle "playchess.com"]
[Source "ChessBase"]
[SourceQuality "1"]
[TimeControl "900+10"]

1. d4 Nf6 2. Nf3 e6 3. e3 b6 4. Bd3 Bb7 5. Nbd2 d5 6. b3 Bd6 7. Bb2 Nbd7 8. O-O c5 9. c4 cxd4 10. exd4 Ne4 11. Qe2 Nxd2 12. Nxd2 O-O 13. Nf3 Rc8 14. Rad1 Qe7 15. Ne5 Bxe5 16. dxe5 Nc5 17. Ba3 Qh4 18. Qe3 Rfd8 19. Be2 dxc4 20. bxc4 h6 21. h3 Qe4 22. Qxe4 Bxe4 23. f3 Bc2 24. Rxd8+ Rxd8 25. Bxc5 bxc5 26. Rf2 Bb1 27. a3 Rd2 28. Bf1 Rd1 29. Kh2 g5 30. g3 Kg7 31. Kg2 Bd3 32. Bxd3 Rxd3 33. Rb2 Rc3 34. Rb7 a6 35. Rb6 Rxa3 36. Rc6 Ra2+ 37. Kg1 h5 38. Rxc5 Kg6 39. g4 h4 40. Rc8 Rc2 41. c5 a5 42. c6 a4 43. c7 Kg7 44. Ra8 Rxc7 45. Rxa4 Rc1+ 46. Kg2 Rc2+ 47. Kg1 Re2 48. Ra5 Rd2 49. Ra4 Kf8 50. Ra8+ Kg7 51. Ra4 Rd5 52. Re4 Kf8 53. Kf2 Rd2+ 54. Re2 Rd5 55. Re4 Ke7 56. Re2 Kd7 57. Re4 Rd2+ 58. Kg1 Rd5 59.
f4 gxf4 60. Rxf4 Ke7 61. Re4 Rd3 62. Kg2 Kf8 63. Kh2 Rg3 64. Re2 Kg7 65. Re4 Kg6 66. Re2 Rf3 67. Kg2 Rf4 68. Re3 Kg5 69. Rf3 Re4 70. Rxf7 Rxe5 71. Rh7 Kf4 72. Rxh4 Re2+ 73. Kf1 Rh2 74. g5+ Kxg5 75. Rg4+ Kf5 76. Rg3 Kf4 77. Ra3 e5 78. Rb3 e4 79. Ke1 Ra2 80. Kf1 Rd2 81. Ke1 Ra2 82. Kf1 e3 83. Rb8 Kg3 84. Rg8+ Kf3 85.
Rf8+ 1/2-1/2

[Event "European Rapid Championship 2021"]
[Site "Katowice"]
[Date "2021.12.19"]
[Round "8.8"]
[White "Lukasiewicz, Krzysztof"]
[Black "Sharankov, Grigory"]
[Result "1-0"]
[ECO "A45"]
[WhiteElo "2251"]
[BlackElo "2220"]
[Annotator "NA"]
[PlyCount "111"]
[EventDate "2021.12.18"]
[EventType "swiss"]
[EventCountry "POL"]
[SourceTitle "playchess.com"]
[Source "ChessBase"]
[SourceQuality "1"]
[TimeControl "900+10"]

1. d4 Nf6 2. Bf4 d5 3. e3 c5 4. Nf3 Nc6 5. Nbd2 cxd4 6.
exd4 Bg4 7. c3 e6 8. Qb3 Bd6 9. Bxd6 Qxd6 10. Bd3 O-O 11. O-O Bh5 12. Rae1 Nd7 13. Re3 Bg6 14. Bxg6 hxg6 15. Rfe1 Rfe8 16. Ne5 Ncxe5 17. dxe5 Qc7 18. Qb4 Qb6 19. Qh4 f6 20. exf6 Nxf6 21. Rh3 Kf7 22. Nf3 Qxb2 23. Ng5+ Ke7 24. Nxe6 Kd7 25. Rhe3 Ne4 26. Nxg7 Rg8 27. Qg4+ Kd6 28. Qxg6+ Kc7 29. Qf7+ Kc6 30. Qe6+ Kc5 31. Qe7+ Kc6 32. c4 Rae8 33. cxd5+ Kb6 34. Qf7 Rxg7 35. Qf3 Nd2 36. Re6+ Ka5 37. Qd3 Rxe6 38. dxe6 Qb4 39. Re5+ b5 40. h4 Nc4 41. Qd8+ Ka4 42. Qd1+ Ka5 43. Re2 Qc5 44. e7 Qc6 45. g3 Qc5 46. Qd8+ Ka4 47. Qd1+ Ka5 48. Qe1+ Ka4 49. e8=Q Rxg3+ 50. Kh2 Rd3 51. Qe4 Qd6+ 52. f4 Qd7 53. Re3 Rd2+ 54. Re2 Rd3 55. Qe6 Qd4 56. Qa6+ 1-0

[Event "European Rapid Championship 2021"]
[Site "Katowice"]
[Date "2021.12.19"]
[Round "8.9"]
[White "Stefansson, Hannes"]
[Black "Kosakowski, Jakub"]
[Result "0-1"]
[ECO "B92"]
[WhiteElo "2519"]
[BlackElo "2438"]
[Annotator "ChessBase"]
[PlyCount "74"]
[EventDate "2021.12.18"]
[EventType "swiss"]
[EventCountry "POL"]
[SourceTitle "playchess.com"]
[Source "ChessBase"]
[SourceQuality "1"]
[TimeControl "900+10"]

1. e4 c5 2. Nf3 d6 3. d4 cxd4 4. Nxd4 Nf6 5. Nc3 a6 6. Be2 e5 7. Nf3 h6 8. O-O Be7 9. a4 Be6 10. Re1 Nbd7 11. h3 O-O 12. Bf1 Rc8 13.
Nh4 Nxe4 14. Nxe4 Bxh4 15. Nxd6 Rc6 16. Ne4 Be7 17. Nc3 Bb4 18. Bd2 Rd6 19. Qe2 Nb6 20.
Bc1 Bc4 21. Qf3 Bxf1 22. Rxf1 Bxc3 23. Qxc3 Re8 24. Re1 Nd5 25. Qa3 Qc7 26. Qb3 Qc6 27. Bd2 Ree6 28. Rad1 Rg6 29. g3 Qd7 30. Bc1 Rge6 31. c4 Ne7 32. Rxd6 Rxd6 33. Kg2 Rd3 34. Qb6 Nc6 35. Be3 a5 36. Qb5 h5 37. f4 Rxe3 0-1

[Event "European Rapid Championship 2021"]
[Site "Katowice"]
[Date "2021.12.19"]
[Round "8.9"]
[White "Golubovskis, Maksims"]
[Black "Krawczyk, Wojciech"]
[Result "0-1"]
[ECO "B12"]
[WhiteElo "2210"]
[BlackElo "1868"]
[Annotator "ChessBase"]
[PlyCount "140"]
[EventDate "2021.12.18"]
[EventType "swiss"]
[EventCountry "POL"]
[SourceTitle "playchess.com"]
[Source "ChessBase"]
[SourceQuality "1"]
[TimeControl "900+10"]

1. e4 c6 2. d4 d5 3. e5 c5 4. dxc5 Nc6 5. Nf3 Bg4 6. Bb5 e6 7. b4 Nge7 8. O-O Ng6 9. Bb2 Be7 10. Nbd2 Bg5 11. Nb3 O-O 12. Bxc6 bxc6 13. h3 Bxf3 14. Qxf3 Qb8 15. Qg4 Bf4 16. a3 Bxe5 17. Nd4 Bxd4 18. Qxd4 e5 19. Qd2 Qb5 20. Rfe1 Rfe8 21. h4 f6 22. g3 Qc4 23. a4 a6 24. Ra3 Rab8 25.
Rb3 Ne7 26. Ba3 d4 27. Qd3 Qxd3 28. cxd3 Nd5 29. Reb1 Nc3 30. Ra1 Rb7 31. Bb2 Nd5 32. b5 axb5 33. axb5 Rxb5 34. Rxb5 cxb5 35. Ra5 Nb4 36. Rxb5 Nxd3 37. Ba3 Rc8 38. Kf1 e4 39. Ke2 Ne5 40. Rb4 Ra8 41. Rb3 d3+ 42. Kd1 Nc4 43. Bc1 Rc8 44. Rb5 Kf7 45. Bf4 Ke6 46. Bb8 Kd5 47. Ba7 Ra8 48. Rb7 Ne5 49. Rxg7 Nc6 50. Bb6 Ra1+ 51. Kd2 Ra2+ 52. Ke1 Nd4 53. Rd7+ Kc4 54. g4 d2+ 55. Kd1 Nf3 56. c6 Kc3 57. Ke2 Ra1 58. Ke3 Ra8 59. c7 Kc2 60. Ba7 Rc8 61. Bb6 d1=Q 62.
Rxd1 Kxd1 63. Kxe4 Nxh4 64. Kd5 Nf3 65. Ke6 Ne5 66. Kd6 Nc4+ 67. Kc6 Nxb6 68. Kxb6 Ke2 69. f4 Kf3 70. g5 f5 0-1

[Event "European Rapid Championship 2021"]
[Site "Katowice"]
[Date "2021.12.19"]
[Round "8.10"]
[White "Fridman, Daniel"]
[Black "Budrewicz, Krzysztof"]
[Result "1-0"]
[ECO "E62"]
[WhiteElo "2626"]
[BlackElo "2281"]
[Annotator "ChessBase"]
[PlyCount "149"]
[EventDate "2021.12.18"]
[EventType "swiss"]
[EventCountry "POL"]
[SourceTitle "playchess.com"]
[Source "ChessBase"]
[SourceQuality "1"]
[TimeControl "900+10"]

1. d4 Nf6 2. c4 g6 3. Nc3 Bg7 4. g3 O-O 5. Bg2 d6 6. Nf3 Nc6 7. O-O e5 8. d5 Nb8 9. e4 a5 10. a3 Nbd7 11. Be3 Ng4 12. Bg5 f6 13. Bd2 f5 14. h3 Ngf6 15.
exf5 gxf5 16. Qc2 Nc5 17. b4 Nce4 18. Rad1 axb4 19. axb4 Nxd2 20. Rxd2 Bh6 21. Rdd1 Bd7 22. Nh4 Nh5 23. c5 f4 24. Qe2 Ng7 25. Ne4 Qe7 26. Nf3 fxg3 27. fxg3 Nf5 28. g4 Ne3 29. g5 Nxg2 30. Qxg2 Bg7 31. Nfd2 Kh8 32. Rxf8+ Rxf8 33. Rf1 Rf4 34. Qg3 Rxf1+ 35. Nxf1 Qf7 36. Ne3 Qg6 37. Qf3 h6 38. h4 dxc5 39. bxc5 b5 40. h5 Qe8 41. c6 Bc8 42. g6 b4 43. Nc4 Qe7 44. d6 cxd6 45.
Ncxd6 Qa7+ 46. Qf2 Qa1+ 47. Kh2 Be6 48. c7 b3 49. Qc5 Qa2+ 50.
Kg3 Qa8 51. c8=Q+ Bxc8 52. Qxc8+ Qxc8 53. Nxc8 b2 54. Nd2 Bf8 55. Nb6 Bb4 56. Nb1 Kg7 57. Nd7 Bd6 58. Kf3 e4+ 59. Kxe4 Bg3 60. Kf5 Bf2 61. Ke6 Bd4 62. Ne5 Be3 63. Nc4 Bc1 64. Nc3 Kg8 65. Nd6 Bd2 66. Nb1 Bc1 67. Nf5 Bf4 68. Kd5 Kf8 69. Kc4 Be5 70. Nxh6 Kg7 71. Ng4 Bf4 72. Kd5 Bc1 73. Ke6 Bf4 74. Kf5 Bc1 75. h6+ 1-0

[Event "European Rapid Championship 2021"]
[Site "Katowice"]
[Date "2021.12.19"]
[Round "8.10"]
[White "Paszewski, Mateusz"]
[Black "Rog, Bartlomiej"]
[Result "1/2-1/2"]
[ECO "A04"]
[WhiteElo "2202"]
[BlackElo "1859"]
[Annotator "NA"]
[PlyCount "75"]
[EventDate "2021.12.18"]
[EventType "swiss"]
[EventCountry "POL"]
[SourceTitle "playchess.com"]
[Source "ChessBase"]
[SourceQuality "1"]
[TimeControl "900+10"]

1. Nf3 f5 2. g3 Nf6 3. Bg2 e6 4. O-O Be7 5. c4 O-O 6. Nc3 d6 7. d4 Ne4 8. Qc2 Nxc3 9. bxc3 Nc6 10. e4 fxe4 11. Qxe4 Bf6 12. Bf4 Re8 13. Rad1 Bd7 14. Rfe1 Rb8 15. Bh3 Kh8 16. Qc2 b6 17. Re2 Na5 18. c5 Nc4 19. cxd6 cxd6 20. Rde1 Qc8 21. Bg5 e5 22. Bxd7 Qxd7 23. dxe5 Nxe5 24. Nxe5 dxe5 25. Bxf6 gxf6 26. Rd2 Qe7 27. Red1 Rbd8 28. Qa4 Rxd2 29. Rxd2 Rd8 30. Rxd8+ Qxd8 31.
Qxa7 Qd1+ 32. Kg2 Qd5+ 33. Kh3 Qe6+ 34. Kg2 Qd5+ 35. Kf1 Qd1+ 36. Kg2 Qd5+ 37. Kh3 Qe6+ 38. Kg2 1/2-1/2

[Event "European Rapid Championship 2021"]
[Site "Katowice"]
[Date "2021.12.19"]
[Round "8.11"]
[White "Szwed, Jacek"]
[Black "Pultinevicius, Paulius"]
[Result "0-1"]
[ECO "B17"]
[WhiteElo "2372"]
[BlackElo "2536"]
[Annotator "ChessBase"]
[PlyCount "114"]
[EventDate "2021.12.18"]
[EventType "swiss"]
[EventCountry "POL"]
[SourceTitle "playchess.com"]
[Source "ChessBase"]
[SourceQuality "1"]
[TimeControl "900+10"]

1. e4 c6 2. d4 d5 3. Nd2 dxe4 4. Nxe4 Nd7 5. Ng5 Ngf6 6. Bd3 e6 7. Qe2 Bd6 8. N1f3 h6 9. Ne4 Nxe4 10. Qxe4 Qc7 11. Qg4 Kf8 12. O-O b6 13. b3 Bb7 14. Bb2 Nf6 15. Qh4 Nd5 16. Rfe1 Nf4 17. Bf1 g5 18. Nxg5 Be7 19. g3 Bxg5 20. Qg4 Nd5 21. c4 Nf6 22. Qf3 Rg8 23. d5 cxd5 24. Bxf6 dxc4 25. Be5 Bxf3 26. Bxc7 Bd2 27. Bd6+ Kg7 28. Bxc4 Bxe1 29. Rxe1 Rgd8 30. Be5+ Kg6 31. Bc3 Rd1 32. Rxd1 Bxd1 33. Kf1 Rd8 34. Kg2 Bc2 35. Bb5 Be4+ 36. f3 Rc8 37. Bc4 Bb1 38. a4 Rd8 39. a5 Bd3 40. axb6 axb6 41. Kf2 Bxc4 42. bxc4 Rd3 43. Be5 h5 44. Ke2 Rb3 45. Bd4 f6 46. h3 e5 47. Be3 Kf7 48. g4 Kg6 49. Kd2 h4 50. Ke2 Rb2+ 51. Bd2 f5 52.
Ke3 Rb3+ 53. Kf2 fxg4 54. fxg4 Rxh3 55. Be3 Rxe3 56. Kxe3 h3 57. Kf3 e4+ 0-1

[Event "European Rapid Championship 2021"]
[Site "Katowice"]
[Date "2021.12.19"]
[Round "8.11"]
[White "Snihur, Piotr"]
[Black "Cukrowski, Filip"]
[Result "0-1"]
[ECO "A15"]
[WhiteElo "2006"]
[BlackElo "2373"]
[Annotator "NA"]
[PlyCount "64"]
[EventDate "2021.12.18"]
[EventType "swiss"]
[EventCountry "POL"]
[SourceTitle "playchess.com"]
[Source "ChessBase"]
[SourceQuality "1"]
[TimeControl "900+10"]

1. c4 Nf6 2. Nf3 c5 3. g3 b6 4. Bg2 Bb7 5. O-O d6 6. Nc3 g6 7. d4 cxd4 8. Nxd4 Bxg2 9. Kxg2 Bg7 10. Bg5 O-O 11. Qd2 Qc8 12. b3 Nc6 13.
Nf3 Re8 14. Rac1 Qb7 15. e4 a6 16. Rfe1 b5 17. Nd5 Ng4 18.
cxb5 axb5 19. Rxc6 Qxc6 20. Nxe7+ Rxe7 21. Bxe7 Bc3 22. Rc1 b4 23. Qf4 Re8 24. Qxg4 Rxe7 25. Nd4 Qa8 26. Nb5 f5 27. Qf3 fxe4 28. Qe3 Bd2 29. Rc8+ Qxc8 30. Qxd2 Qb7 31. Qe2 e3+ 32. f3 Qd5 0-1

[Event "European Rapid Championship 2021"]
[Site "Katowice"]
[Date "2021.12.19"]
[Round "8.12"]
[White "Klekowski, Maciej"]
[Black "Zakrzewski, Marek"]
[Result "1/2-1/2"]
[ECO "A12"]
[WhiteElo "2528"]
[BlackElo "2239"]
[Annotator "ChessBase"]
[PlyCount "91"]
[EventDate "2021.12.18"]
[EventType "swiss"]
[EventCountry "POL"]
[SourceTitle "playchess.com"]
[Source "ChessBase"]
[SourceQuality "1"]
[TimeControl "900+10"]

1. c4 c6 2. Nf3 d5 3. b3 Nf6 4. Bb2 e6 5. g3 Bd6 6. Bg2 Nbd7 7. O-O O-O 8.
d4 Qe7 9. Nbd2 Ne4 10. Ne5 f5 11. Nd3 a5 12. a4 b6 13. Nf3 Ba6 14. Rc1 Rac8 15. Nfe5 Nxe5 16. Nxe5 Bxe5 17. dxe5 dxc4 18. Bxe4 fxe4 19. bxc4 Rcd8 20. Qb3 Qb4 21. Qxb4 axb4 22. Rfd1 Rxd1+ 23. Rxd1 Bxc4 24. Rd4 Bxe2 25. Rxe4 Bf3 26. Rxb4 Rd8 27. Rd4 Rxd4 28. Bxd4 Bd1 29. Bxb6 Bxa4 30. f3 Kf7 31. Kf2 Bb3 32. Ke3 Bd5 33. Bc5 Ke8 34. h4 Kf7 35. h5 g6 36. g4 gxh5 37. gxh5 Kg7 38. Kf4 Bc4 39. Kg5 Bd5 40. Kg4 Bc4 41. f4 Bd3 42. Kg5 h6+ 43. Kg4 Be2+ 44. Kh4 Bd3 45. Be3 Be2 46. Bc5 1/2-1/2

[Event "European Rapid Championship 2021"]
[Site "Katowice"]
[Date "2021.12.19"]
[Round "8.12"]
[White "Musial, Tomasz"]
[Black "Lewtak, Damian"]
[Result "0-1"]
[ECO "A41"]
[WhiteElo "1916"]
[BlackElo "2185"]
[Annotator "NA"]
[PlyCount "74"]
[EventDate "2021.12.18"]
[EventType "swiss"]
[EventCountry "POL"]
[SourceTitle "playchess.com"]
[Source "ChessBase"]
[SourceQuality "1"]
[TimeControl "900+10"]

1. d4 d6 2. Nf3 g6 3. c4 Bg7 4. g3 e5 5. Nc3 Bg4 6. dxe5 dxe5 7. Qxd8+ Kxd8 8. Bg2 c6 9. O-O Be6 10. Rd1+ Kc7 11. b3 f6 12. Ba3 Nh6 13.
Rac1 Bf8 14. Bxf8 Rxf8 15. Nb5+ cxb5 16. cxb5+ Nc6 17. bxc6 b5 18. Ne1 Rad8 19. Nd3 Nf5 20. Nc5 Bc8 21. e3 Rxd1+ 22. Rxd1 Ne7 23. Rc1 Rd8 24. a4 b4 25. Ne4 Nd5 26. Rc5 f5 27. Ng5 Nc3 28. h4 e4 29. Nxh7 Be6 30. Ra5 Kb6 31. Re5 Bxb3 32. g4 Bg8 33. Nf6 b3 34. c7 Kxc7 35. Rc5+ Kb6 36. Rxc3 b2 37. a5+ Kxa5 0-1

[Event "European Rapid Championship 2021"]
[Site "Katowice"]
[Date "2021.12.19"]
[Round "8.13"]
[White "Kalogeris, Ioannis"]
[Black "Tazbir, Marcin"]
[Result "0-1"]
[ECO "B50"]
[WhiteElo "2357"]
[BlackElo "2514"]
[Annotator "ChessBase"]
[PlyCount "72"]
[EventDate "2021.12.18"]
[EventType "swiss"]
[EventCountry "POL"]
[SourceTitle "playchess.com"]
[Source "ChessBase"]
[SourceQuality "1"]
[TimeControl "900+10"]

1. e4 c5 2. Nf3 d6 3. Nc3 Nc6 4. Bc4 g6 5. d4 cxd4 6. Nxd4 Bg7 7. Be3 Nf6 8. f3 Bd7 9. g4 Rc8 10. Bb3 Na5 11. h4 h5 12. g5 Nh7 13. f4 Nxb3 14. axb3 a6 15. O-O Bh3 16. Rf2 e5 17.
Nde2 Qd7 18. Qd3 exf4 19. Nxf4 O-O 20. Kh2 Be6 21. Bd4 f6 22. Nxg6 Rf7 23. Rg1 fxg5 24. Bxg7 Rxf2+ 25. Kg3 Kxg7 26. Kxf2 Kxg6 27. hxg5 Rf8+ 28. Ke1 Qf7 29. Ne2 Qf2+ 30. Kd2 Bg4 31. Qxd6+ Kxg5 32. Qe7+ Kg6 33. Re1 Ng5 34. Kd3 Rf3+ 35. Kc4 Be6+ 36. Kb4 Qb6+ 0-1